HSSL
BISHOP AMAT HS @ BROOKLINE HS WARRIORS
04/18/2026
 
TOP OF THE 1ST
Bishop Amat HS batting - Pitching for Brookline HS Warriors : RHP Norm Sweetland
Pitching: RHP Norm Sweetland
Batting: RHB Lou Perry 0-0: Called Strike
0-1: Ground out 5-3 (Groundball, 5)
Batting: RHB Ken Pérez 0-0: Ball
1-0: Foul Ball, location: 2F
1-1: SINGLE (Groundball, 6MD)
Batting: LHB Mathew Clayton 0-0: Ball
1-0: Ball
2-0: Swinging Strike
2-1: Foul Ball, location: 2F
2-2: Foul Ball, location: 2F
2-2: Foul Ball, location: 2F
2-2: Foul Ball, location: 2F
2-2: Foul Ball, location: 2F
2-2: Ball
3-2: Foul Ball, location: 2F
3-2: Foul Ball, location: 2F
3-2: Foul Ball, location: 2F
3-2: Fly out, F2 (Popup, 2LF)
Batting: RHB Ralph Petit 0-0: Ball
1-0: Ball
2-0: Called Strike
2-1: Swinging Strike
2-2: Foul Ball, location: 2F
2-2: Ball
Single, Error in OF, E9, batter to second base
Ken Pérez to third
Batting: RHB Jim Norris 0-0: Ball
1-0: Ball
2-0: Called Strike
2-1: Swinging Strike
2-2: Ball
3-2: Strikes out swinging
Top of the 1st over - 0 run(s), 2 hit(s), 1 error(s), 2 left on base; Bishop Amat HS 0 - Brookline HS 0
BOTTOM OF THE 1ST
Brookline HS Warriors batting - Pitching for Bishop Amat HS : RHP Alfredo Sánchez
Pitching: RHP Alfredo Sánchez
Batting: LHB Jonathan Martin 0-0: Foul Ball, location: 2F
0-1: Foul Ball, location: 2F
0-2: Strikes out swinging
Batting: LHB Desmond Huth 0-0: Ball
1-0: Called Strike
1-1: Called Strike
1-2: Strikes out swinging
Batting: RHB Tim Smith 0-0: Called Strike
0-1: Ball
1-1: Foul Ball, location: 2F
1-2: Reached on error, E4 (Groundball, 4)
Batting: SHB Luis Rodríguez 0-0: Foul Ball, location: 2F
0-1: Ball
1-1: 2-RUN HOME RUN (Flyball, 9LD), Distance : 353 ft
Batting: RHB Francisco Durango 0-0: Called Strike
0-1: Called Strike
0-2: Ball
1-2: Ball
2-2: Strikes out swinging
Bottom of the 1st over - 2 run(s), 1 hit(s), 1 error(s), 0 left on base; Bishop Amat HS 0 - Brookline HS 2
TOP OF THE 2ND
Bishop Amat HS batting - Pitching for Brookline HS Warriors : RHP Norm Sweetland
Batting: RHB Steve Bańuelos 0-0: Ball
1-0: Foul Ball, location: 2F
1-1: Foul Ball, location: 2F
1-2: Ball
2-2: Strikes out swinging
Batting: RHB Ben Martin 0-0: Called Strike
0-1: Foul Ball, location: 2F
0-2: Ball
1-2: Strikes out looking
Batting: RHB Andrew Miller 0-0: Ball
1-0: Swinging Strike
1-1: Called Strike
1-2: Strikes out looking
Top of the 2nd over - 0 run(s), 0 hit(s), 0 error(s), 0 left on base; Bishop Amat HS 0 - Brookline HS 2
BOTTOM OF THE 2ND
Brookline HS Warriors batting - Pitching for Bishop Amat HS : RHP Alfredo Sánchez
Batting: RHB Ben Bond 0-0: Ball
Error on foul ball, E7
1-1: Ground out 6-3 (Groundball, 6M)
Batting: SHB Will Allen 0-0: Called Strike
0-1: Ball
1-1: Ball
2-1: Ball
3-1: Swinging Strike
3-2: Strikes out swinging
Batting: RHB Owen Jenkins 0-0: Ball
1-0: Swinging Strike
1-1: Foul Ball, location: 2F
1-2: Ground out 4-3 (Groundball, 4)
Bottom of the 2nd over - 0 run(s), 0 hit(s), 1 error(s), 0 left on base; Bishop Amat HS 0 - Brookline HS 2
TOP OF THE 3RD
Bishop Amat HS batting - Pitching for Brookline HS Warriors : RHP Norm Sweetland
Batting: RHB Alan Williams 0-0: Ball
1-0: Ball
2-0: Ball
3-0: Base on Balls
Batting: RHB Lou Perry 0-0: Ball
1-0: Ball
2-0: Ball
3-0: Called Strike
3-1: Base on Balls
Alan Williams to second
Batting: RHB Ken Pérez 0-0: Fly out, F8 (Flyball, 8LD)
Batting: LHB Mathew Clayton 0-0: Called Strike
0-1: Ball
1-1: Foul Ball, location: 2F
1-2: Foul Ball, location: 2F
1-2: Ball
2-2: Ball
3-2: Fly out, F6 (Popup, 6)
Batting: RHB Ralph Petit 0-0: SINGLE (Line Drive, 7S)
Alan Williams to third
Lou Perry to second
Runner from 3rd tries for Home, SAFE, no throw or cutoff
Batting: RHB Jim Norris 0-0: Called Strike
0-1: Ball
1-1: Swinging Strike
1-2: Strikes out swinging
Top of the 3rd over - 1 run(s), 1 hit(s), 0 error(s), 2 left on base; Bishop Amat HS 1 - Brookline HS 2
BOTTOM OF THE 3RD
Brookline HS Warriors batting - Pitching for Bishop Amat HS : RHP Alfredo Sánchez
Batting: RHB Bob Bishop 0-0: Ball
1-0: Foul Ball, location: 2F
1-1: Swinging Strike
1-2: Ball
2-2: Foul Ball, location: 2F
2-2: Ball
3-2: Base on Balls
Batting: LHB Jonathan Martin 0-0: Ball
1-0: Foul Ball, location: 2F
1-1: Foul Ball, location: 2F
1-2: Ball
2-2: Ball
3-2: Foul Ball, location: 2F
3-2: Foul Ball, location: 2F
3-2: Base on Balls
Bob Bishop to second
Batting: LHB Desmond Huth 0-0: Fly out, F9 (Flyball, 89M)
Batting: RHB Tim Smith 0-0: Foul Ball, location: 2F
0-1: SINGLE (Groundball, 56D)
Bob Bishop to third
Jonathan Martin to second
Runner from 3rd tries for Home, SAFE, throw made home
Batting: SHB Luis Rodríguez 0-0: Ball
1-0: Reached on Error, E7 (Flyball, 78M)
Jonathan Martin to third
Tim Smith to second
Batting: RHB Francisco Durango 0-0: Ball
1-0: Ball
2-0: Ball
3-0: Base on Balls
Jonathan Martin scores
Tim Smith to third
Luis Rodríguez to second
Batting: RHB Ben Bond 0-0: Fly out, F8 (Flyball, 8RM)
Runner from 3rd tags up, SCORES, throw made
Batting: SHB Will Allen 0-0: Ball
1-0: 3-RUN HOME RUN (Flyball, 8RXD), Distance : 443 ft
Batting: RHB Owen Jenkins 0-0: Reached on error, E5 (Groundball, 56S)
Batting: RHB Bob Bishop 0-0: Called Strike
0-1: Swinging Strike
0-2: Ball
1-2: Foul Ball, location: 2F
1-2: Foul Ball, location: 2F
1-2: Ball
2-2: Foul Ball, location: 2F
2-2: Strikes out swinging
Bottom of the 3rd over - 6 run(s), 2 hit(s), 2 error(s), 1 left on base; Bishop Amat HS 1 - Brookline HS 8
TOP OF THE 4TH
Bishop Amat HS batting - Pitching for Brookline HS Warriors : RHP Norm Sweetland
Batting: RHB Steve Bańuelos 0-0: Foul Ball, location: 2F
0-1: Fly out, F3 (Popup, 3F)
Batting: RHB Ben Martin 0-0: SINGLE (Flyball, 7S)
Batting: RHB Andrew Miller 0-0: Ball
Throwing error on steal attempt, E2
Ben Martin to third
1-0: Foul Ball, location: 2F
1-1: SINGLE (Line Drive, 4MD)
Ben Martin scores
Batting: RHB Alan Williams 0-0: Called Strike
0-1: SINGLE (Groundball, 6MD)
Andrew Miller to second
Batting: RHB Lou Perry 0-0: Foul Ball, location: 2F
0-1: Ball
1-1: Fly out, F9 (Flyball, 9M)
Batting: RHB Ken Pérez 0-0: Ball
1-0: Foul Ball, location: 2F
1-1: SINGLE (Line Drive, 6M)
Andrew Miller to third
Alan Williams to second
Pitching: RHP Ryan Lee
Batting: LHB Mathew Clayton 0-0: Called Strike
0-1: Foul Ball, location: 2F
0-2: Foul Ball, location: 2F
0-2: Foul Ball, location: 2F
0-2: Ball
1-2: Foul Ball, location: 2F
1-2: Ball
2-2: Ball
3-2: Foul Ball, location: 2F
3-2: SINGLE (Line Drive, 8LS)
Andrew Miller scores
Alan Williams to third
Ken Pérez to second
Alan Williams scores
Ken Pérez to third
Batting: RHB Ralph Petit 0-0: Ground out 5-3 (Groundball, 5S)
Top of the 4th over - 3 run(s), 5 hit(s), 1 error(s), 2 left on base; Bishop Amat HS 4 - Brookline HS 8
BOTTOM OF THE 4TH
Brookline HS Warriors batting - Pitching for Bishop Amat HS : RHP Alfredo Sánchez
Pitching: RHP Jeffrey Lyons
Batting: LHB Jonathan Martin 0-0: Ball
1-0: Fly out, F9 (Flyball, 9M)
Batting: LHB Desmond Huth 0-0: Called Strike
0-1: Called Strike
0-2: Strikes out swinging
Batting: RHB Tim Smith 0-0: Fly out, F4 (Popup, 4D)
Bottom of the 4th over - 0 run(s), 0 hit(s), 0 error(s), 0 left on base; Bishop Amat HS 4 - Brookline HS 8
TOP OF THE 5TH
Bishop Amat HS batting - Pitching for Brookline HS Warriors : RHP Ryan Lee
Batting: RHB Jim Norris 0-0: Ball
1-0: Called Strike
1-1: Ball
2-1: Foul Ball, location: 2F
2-2: Fly out, F6 (Line Drive, 6M)
Batting: RHB Steve Bańuelos 0-0: Called Strike
0-1: Foul Ball, location: 2F
0-2: Ball
1-2: SINGLE (Line Drive, 4D)
Batting: RHB Ben Martin 0-0: Ball
1-0: Swinging Strike
1-1: Called Strike
1-2: Ball
2-2: Foul Ball, location: 2F
2-2: Ball
Steve Bańuelos steals 2nd base
3-2: Foul Ball, location: 2F
3-2: Strikes out looking
Batting: RHB Andrew Miller 0-0: Ball
1-0: Ball
2-0: Ball
3-0: Called Strike
3-1: Base on Balls
Batting: RHB Alan Williams 0-0: Called Strike
0-1: Foul Ball, location: 2F
0-2: Ball
1-2: Strikes out looking
Top of the 5th over - 0 run(s), 1 hit(s), 0 error(s), 2 left on base; Bishop Amat HS 4 - Brookline HS 8
BOTTOM OF THE 5TH
Brookline HS Warriors batting - Pitching for Bishop Amat HS : RHP Jeffrey Lyons
Batting: SHB Luis Rodríguez 0-0: Called Strike
0-1: Ground out 6-3 (Groundball, 6)
Batting: RHB Francisco Durango 0-0: Ball
1-0: Ball
2-0: Foul Ball, location: 2F
2-1: Ball
3-1: Base on Balls
Batting: RHB Ben Bond 0-0: Ball
1-0: Swinging Strike
1-1: Called Strike
Error on foul ball, E3
1-2: Ball
Throwing error on steal attempt, E2
Francisco Durango to third
2-2: SINGLE (Groundball, 6D) (infield hit)
Francisco Durango scores
Batting: SHB Will Allen 0-0: Ball
1-0: Ball
2-0: DOUBLE (Line Drive, 89S)
Ben Bond to third
Runner from 3rd tries for Home, SAFE, no throw or cutoff
Batting: RHB Owen Jenkins 0-0: Ball
1-0: Ball
2-0: SINGLE (Flyball, 8LS)
Will Allen to third
Batting: RHB Bob Bishop 0-0: Called Strike
0-1: Foul Ball, location: 2F
0-2: Grounds into double play, 5-4-3 (Groundball, 56)
Bottom of the 5th over - 2 run(s), 3 hit(s), 2 error(s), 1 left on base; Bishop Amat HS 4 - Brookline HS 10
TOP OF THE 6TH
Bishop Amat HS batting - Pitching for Brookline HS Warriors : RHP Ryan Lee
Batting: RHB Lou Perry 0-0: Ball
1-0: SINGLE (Groundball, 6MD)
Batting: RHB Ken Pérez 0-0: Ball
1-0: Fly out, F8 (Line Drive, 8RS)
Batting: LHB Mathew Clayton 0-0: Ball
Lou Perry is caught stealing 2nd base
1-0: Ball
2-0: Ball
3-0: Base on Balls
Batting: RHB Ralph Petit 0-0: Ball
1-0: SINGLE (Line Drive, 34D)
Mathew Clayton to second
Batting: RHB Jim Norris 0-0: Swinging Strike
0-1: Foul Ball, location: 2F
0-2: Ball
1-2: Ball
2-2: SINGLE (Line Drive, 7LS)
Mathew Clayton to third
Ralph Petit to second
Runner from 3rd tries for Home, throw and OUT!
Top of the 6th over - 0 run(s), 3 hit(s), 0 error(s), 2 left on base; Bishop Amat HS 4 - Brookline HS 10
BOTTOM OF THE 6TH
Brookline HS Warriors batting - Pitching for Bishop Amat HS : RHP Jeffrey Lyons
Batting: LHB Jonathan Martin 0-0: Ball
1-0: Ball
2-0: Ball
3-0: Base on Balls
Batting: LHB Desmond Huth 0-0: Ball
1-0: Fly out, F7 (Flyball, 7M)
Batting: RHB Tim Smith 0-0: Swinging Strike
0-1: Fly out, F9 (Flyball, 9LDF)
Runner from 1st tags up, SAFE at 2nd
Batting: SHB Luis Rodríguez 0-0: Ball
1-0: Ball
2-0: Ball
3-0: Ground out 5-3 (Groundball, 56S)
Bottom of the 6th over - 0 run(s), 0 hit(s), 0 error(s), 1 left on base; Bishop Amat HS 4 - Brookline HS 10
TOP OF THE 7TH
Bishop Amat HS batting - Pitching for Brookline HS Warriors : RHP Ryan Lee
Pitching: RHP Dave Bryant
Now at 1B: Patrick Chávez
Batting: RHB Steve Bańuelos 0-0: Called Strike
0-1: Ball
1-1: Foul Ball, location: 2F
1-2: Ball
2-2: Ground out 4-3 (Groundball, 4M)
Batting: RHB Ben Martin 0-0: Foul Ball, location: 2F
0-1: DOUBLE (Groundball, 5L)
Batting: RHB Andrew Miller 0-0: Ball
1-0: Called Strike
1-1: Ball
2-1: Ball
3-1: Base on Balls
Batting: RHB Alan Williams 0-0: Called Strike
0-1: Fly out, F3 (Popup, 3L)
Batting: RHB Lou Perry 0-0: Ball
1-0: Ball
2-0: Called Strike
2-1: Foul Ball, location: 2F
2-2: Ball
3-2: Base on Balls
Ben Martin to third
Andrew Miller to second
Batting: RHB Ken Pérez 0-0: Ball
1-0: Ground out 5-3 (Groundball, 5)
Top of the 7th over - 0 run(s), 1 hit(s), 0 error(s), 3 left on base; Bishop Amat HS 4 - Brookline HS 10
BOTTOM OF THE 7TH
Brookline HS Warriors batting - Pitching for Bishop Amat HS : RHP Jeffrey Lyons
Pitching: RHP Carlos Fernández
Batting: RHB Francisco Durango 0-0: Ball
1-0: Foul Ball, location: 2F
1-1: Swinging Strike
1-2: Ball
2-2: Strikes out looking
Batting: RHB Ben Bond 0-0: Ball
1-0: Ground out 1-3 (Groundball, 15)
Batting: SHB Will Allen 0-0: Ground out 3-1 (Groundball, 34)
Bottom of the 7th over - 0 run(s), 0 hit(s), 0 error(s), 0 left on base; Bishop Amat HS 4 - Brookline HS 10
TOP OF THE 8TH
Bishop Amat HS batting - Pitching for Brookline HS Warriors : RHP Dave Bryant
Batting: LHB Mathew Clayton 0-0: Foul Ball, location: 2F
0-1: Foul Ball, location: 2F
0-2: Ground out 4-3 (Groundball, 4M)
Batting: RHB Ralph Petit 0-0: Foul Ball, location: 2F
0-1: Fly out, F4 (Flyball, 9S)
Batting: RHB Jim Norris 0-0: Ball
1-0: Called Strike
1-1: Swinging Strike
1-2: Foul Ball, location: 2F
1-2: Foul Ball, location: 2F
1-2: Strikes out looking
Top of the 8th over - 0 run(s), 0 hit(s), 0 error(s), 0 left on base; Bishop Amat HS 4 - Brookline HS 10
BOTTOM OF THE 8TH
Brookline HS Warriors batting - Pitching for Bishop Amat HS : RHP Carlos Fernández
Batting: RHB Owen Jenkins 0-0: Called Strike
0-1: SOLO HOME RUN (Flyball, 7D), Distance : 413 ft
Batting: RHB Bob Bishop 0-0: Foul Ball, location: 2F
0-1: Ball
1-1: Ball
2-1: Called Strike
2-2: Foul Ball, location: 2F
2-2: Fly out, F6 (Popup, 6MD)
Batting: LHB Jonathan Martin 0-0: Foul Ball, location: 2F
0-1: Swinging Strike
0-2: Ball
1-2: Ball
2-2: Foul Ball, location: 2F
2-2: Ball
3-2: Foul Ball, location: 2F
3-2: Base on Balls
Batting: LHB Desmond Huth 0-0: Foul Ball, location: 2F
0-1: Swinging Strike
0-2: Strikes out looking
Batting: RHB Patrick Chávez 0-0: Ball
Jonathan Martin steals 2nd base
1-0: Called Strike
1-1: Ground out 1-3 (Groundball, 15)
Bottom of the 8th over - 1 run(s), 1 hit(s), 0 error(s), 1 left on base; Bishop Amat HS 4 - Brookline HS 11
TOP OF THE 9TH
Bishop Amat HS batting - Pitching for Brookline HS Warriors : RHP Dave Bryant
Batting: RHB Steve Bańuelos 0-0: Ball
1-0: Swinging Strike
1-1: Ball
2-1: Foul Ball, location: 2F
2-2: Foul Ball, location: 2F
2-2: Foul Ball, location: 2F
2-2: Foul Ball, location: 2F
2-2: Strikes out swinging
Batting: RHB Ben Martin 0-0: Foul Ball, location: 2F
0-1: Foul Ball, location: 2F
0-2: Foul Ball, location: 2F
0-2: Strikes out swinging
Batting: RHB Andrew Miller 0-0: Called Strike
0-1: Ball
1-1: Ball
2-1: Ball
3-1: Base on Balls
Batting: RHB Alan Williams 0-0: SINGLE (Groundball, 6MD)
Andrew Miller to second
Batting: RHB Lou Perry 0-0: Ball
1-0: Swinging Strike
1-1: Ball
2-1: Called Strike
2-2: Strikes out swinging
Top of the 9th over - 0 run(s), 1 hit(s), 0 error(s), 2 left on base; Bishop Amat HS 4 - Brookline HS 11
Monday, December 5th, 2016 - OOTP Baseball 17.12 Build 75